[ AOE2 MATCH · #507603022 ]
UnrankedMongols vs Mongols
Player's team · LOSS
Rival team · WIN
[ REPLAY ANALYSIS · EXTRACTED FROM THE RECORDED GAME ]
Feudal
8:55
Castle
—
Imperial
—
| APM avg | 54.8 |
| APM peak | 149 |
| eAPM avg | 21.7 |
| Villagers / military | 67 / 43 |
Focus
⚔️ 33.3% · 🌾 66.7%
Archer ×28 · Skirmisher ×6 · Militia ×5 · Scout Cavalry ×4
Feudal
11:34
Castle
—
Imperial
—
| APM avg | 65.8 |
| APM peak | 113 |
| eAPM avg | 33.0 |
| Villagers / military | 62 / 42 |
Focus
⚔️ 55.7% · 🌾 44.3%
Skirmisher ×27 · Scout Cavalry ×10 · Militia ×3 · Archer ×2
Match map
Initial resources + every placement click. Lines = walls · curves = elevation contours. ◆ gold · ⬟ stone · ● berries · ✦ relic · ◌ wall gap
Your base· Open — unwalled flank
poweredbygamespy's base· Open — 6t gap
Smoothed initial terrain · ◌ = detected wall gap · hover for details
Inputs per minute
— DS_Rene Lavand - - poweredbygamespy
Build order — DS_Rene Lavand
First 150 of 180 actions detected
| 0:02 | Queue | Villager (Male) |
| 0:02 | Queue | Villager (Male) |
| 0:02 | Queue | Villager (Male) |
| 0:02 | Queue | Villager (Male) |
| 0:03 | Queue | Villager (Male) |
| 0:03 | Queue | Villager (Male) |
| 0:04 | Build | House |
| 0:05 | Build | House |
| 1:38 | Queue | Villager (Male) |
| 1:56 | Build | Lumber Camp |
| 2:05 | Queue | Villager (Male) |
| 2:22 | Queue | Villager (Male) |
| 3:00 | Queue | Villager (Male) |
| 3:01 | Queue | Villager (Male) |
| 3:18 | Queue | Villager (Male) |
| 3:19 | Queue | Villager (Male) |
| 3:20 | Build | House |
| 3:29 | Queue | Villager (Male) |
| 3:30 | Queue | Villager (Male) |
| 4:15 | Queue | Villager (Male) |
| 4:15 | Queue | Villager (Male) |
| 4:15 | Queue | Villager (Male) |
| 4:39 | Queue | Villager (Male) |
| 4:39 | Queue | Villager (Male) |
| 5:35 | Build | Barracks |
| 5:56 | Build | House |
| 6:01 | Research | Loom |
| 6:42 | Research | Feudal Age |
| 7:08 | Queue | Militia |
| 7:08 | Queue | Militia |
| 7:08 | Queue | Militia |
| 7:19 | Build | Mining Camp |
| 7:30 | Queue | Militia |
| 7:30 | Queue | Militia |
| 8:55 | Age | Feudal Age |
| 8:58 | Build | Archery Range |
| 9:05 | Queue | Villager (Male) |
| 9:36 | Queue | Villager (Male) |
| 9:36 | Queue | Villager (Male) |
| 9:37 | Queue | Villager (Male) |
| 9:37 | Queue | Villager (Male) |
| 9:41 | Queue | Archer |
| 9:41 | Queue | Archer |
| 9:41 | Queue | Archer |
| 9:48 | Build | Watch Tower |
| 10:03 | Build | Palisade Wall |
| 10:07 | Build | Palisade Wall |
| 10:10 | Build | Palisade Wall |
| 10:12 | Build | Palisade Wall |
| 10:17 | Build | Palisade Wall |
| 10:20 | Build | Palisade Wall |
| 10:30 | Queue | Archer |
| 10:36 | Build | Mill |
| 11:09 | Build | Palisade Wall |
| 11:09 | Build | Palisade Wall |
| 11:10 | Build | Palisade Wall |
| 11:10 | Build | Palisade Wall |
| 11:11 | Build | Palisade Wall |
| 11:11 | Build | Palisade Wall |
| 11:12 | Build | Palisade Wall |
| 11:17 | Build | Farm |
| 11:18 | Build | Farm |
| 11:18 | Build | Farm |
| 11:18 | Build | Farm |
| 11:19 | Build | Farm |
| 11:34 | Queue | Archer |
| 11:34 | Queue | Archer |
| 11:34 | Queue | Archer |
| 11:34 | Queue | Archer |
| 11:46 | Build | House |
| 11:49 | Build | Palisade Wall |
| 11:50 | Build | Palisade Wall |
| 11:51 | Build | Palisade Wall |
| 11:52 | Build | Palisade Wall |
| 11:52 | Build | Palisade Wall |
| 11:53 | Build | Palisade Wall |
| 12:01 | Build | House |
| 12:08 | Queue | Villager (Male) |
| 12:10 | Queue | Archer |
| 12:10 | Queue | Archer |
| 12:11 | Queue | Archer |
| 12:18 | Build | Farm |
| 12:22 | Build | Farm |
| 12:36 | Queue | Skirmisher |
| 12:52 | Build | Farm |
| 13:06 | Queue | Skirmisher |
| 13:12 | Queue | Villager (Male) |
| 14:02 | Queue | Skirmisher |
| 14:03 | Queue | Villager (Male) |
| 14:03 | Queue | Villager (Male) |
| 14:04 | Queue | Villager (Male) |
| 14:04 | Queue | Villager (Male) |
| 14:10 | Build | Palisade Gate |
| 14:47 | Queue | Villager (Male) |
| 14:47 | Queue | Villager (Male) |
| 14:47 | Queue | Villager (Male) |
| 15:00 | Build | Blacksmith |
| 15:02 | Queue | Skirmisher |
| 15:03 | Queue | Archer |
| 15:22 | Queue | Archer |
| 15:36 | Queue | Villager (Male) |
| 15:41 | Queue | Villager (Male) |
| 15:42 | Queue | Villager (Male) |
| 15:42 | Queue | Villager (Male) |
| 15:59 | Research | Fletching |
| 16:06 | Build | Mining Camp |
| 16:14 | Queue | Archer |
| 16:14 | Queue | Archer |
| 16:14 | Queue | Archer |
| 16:15 | Queue | Archer |
| 16:15 | Queue | Archer |
| 16:20 | Queue | Villager (Male) |
| 16:20 | Queue | Villager (Male) |
| 16:20 | Queue | Villager (Male) |
| 16:38 | Build | Farm |
| 16:43 | Queue | Villager (Male) |
| 16:46 | Build | House |
| 17:14 | Queue | Villager (Male) |
| 17:20 | Queue | Villager (Male) |
| 17:20 | Queue | Villager (Male) |
| 17:38 | Build | Watch Tower |
| 17:44 | Queue | Villager (Male) |
| 17:44 | Queue | Villager (Male) |
| 17:45 | Queue | Villager (Male) |
| 17:47 | Build | Mining Camp |
| 17:49 | Queue | Villager (Male) |
| 17:49 | Queue | Villager (Male) |
| 17:49 | Queue | Villager (Male) |
| 18:01 | Queue | Archer |
| 18:01 | Queue | Archer |
| 18:01 | Queue | Archer |
| 18:10 | Build | House |
| 18:36 | Queue | Villager (Male) |
| 18:37 | Queue | Villager (Male) |
| 18:41 | Build | Farm |
| 18:53 | Queue | Skirmisher |
| 18:53 | Queue | Archer |
| 19:23 | Build | Farm |
| 19:24 | Build | Farm |
| 19:25 | Queue | Villager (Male) |
| 19:34 | Build | Watch Tower |
| 19:42 | Queue | Villager (Male) |
| 19:47 | Build | Farm |
| 20:12 | Queue | Villager (Male) |
| 20:13 | Queue | Skirmisher |
| 20:32 | Queue | Archer |
| 20:33 | Queue | Villager (Male) |
| 20:47 | Build | Palisade Wall |
| 20:48 | Build | Palisade Wall |
| 20:49 | Build | Palisade Wall |
Build order — poweredbygamespy
First 150 of 186 actions detected
| 0:00 | Queue | Villager (Male) |
| 0:01 | Queue | Villager (Male) |
| 0:02 | Build | House |
| 0:02 | Build | House |
| 0:05 | Queue | Villager (Male) |
| 0:23 | Queue | Villager (Male) |
| 1:09 | Queue | Villager (Male) |
| 1:43 | Queue | Villager (Male) |
| 1:48 | Build | Lumber Camp |
| 2:18 | Queue | Villager (Male) |
| 2:46 | Queue | Villager (Male) |
| 3:02 | Build | House |
| 3:17 | Queue | Villager (Male) |
| 3:39 | Queue | Villager (Male) |
| 4:00 | Queue | Villager (Male) |
| 4:34 | Queue | Villager (Male) |
| 5:05 | Queue | Villager (Male) |
| 5:05 | Queue | Villager (Male) |
| 5:08 | Build | Barracks |
| 5:18 | Build | House |
| 5:43 | Build | House |
| 5:56 | Queue | Villager (Male) |
| 5:57 | Queue | Villager (Male) |
| 6:16 | Queue | Militia |
| 6:18 | Build | Palisade Wall |
| 6:19 | Build | Palisade Wall |
| 6:22 | Queue | Villager (Male) |
| 6:38 | Build | Mill |
| 6:38 | Queue | Militia |
| 6:50 | Build | Palisade Wall |
| 6:56 | Queue | Villager (Male) |
| 7:00 | Queue | Militia |
| 7:08 | Build | House |
| 7:32 | Queue | Villager (Male) |
| 7:39 | Build | House |
| 7:53 | Build | Palisade Wall |
| 7:57 | Build | Palisade Wall |
| 8:04 | Queue | Villager (Male) |
| 8:07 | Build | Farm |
| 8:09 | Build | Farm |
| 8:19 | Build | Palisade Wall |
| 8:23 | Build | Palisade Wall |
| 8:28 | Queue | Villager (Male) |
| 8:41 | Research | Loom |
| 9:01 | Research | Feudal Age |
| 9:01 | Research | Feudal Age |
| 9:28 | Queue | Villager (Male) |
| 9:32 | Build | Palisade Wall |
| 9:35 | Build | Palisade Wall |
| 9:39 | Build | House |
| 9:46 | Queue | Villager (Male) |
| 9:51 | Build | House |
| 9:53 | Build | Palisade Wall |
| 9:55 | Build | House |
| 10:02 | Queue | Villager (Male) |
| 10:54 | Queue | Villager (Male) |
| 11:04 | Build | Lumber Camp |
| 11:34 | Age | Feudal Age |
| 11:36 | Build | Archery Range |
| 11:49 | Queue | Villager (Male) |
| 11:54 | Queue | Skirmisher |
| 11:54 | Queue | Skirmisher |
| 12:21 | Queue | Skirmisher |
| 12:23 | Queue | Villager (Male) |
| 12:33 | Build | Palisade Wall |
| 12:43 | Queue | Skirmisher |
| 12:49 | Build | Farm |
| 12:57 | Build | Farm |
| 12:59 | Queue | Villager (Male) |
| 13:04 | Queue | Skirmisher |
| 13:11 | Queue | Villager (Male) |
| 13:31 | Queue | Skirmisher |
| 13:55 | Queue | Skirmisher |
| 14:06 | Queue | Villager (Male) |
| 14:09 | Queue | Villager (Male) |
| 14:22 | Queue | Villager (Male) |
| 14:29 | Build | Farm |
| 14:30 | Build | Farm |
| 14:31 | Build | Farm |
| 14:33 | Build | Farm |
| 14:40 | Queue | Villager (Male) |
| 14:48 | Queue | Skirmisher |
| 14:49 | Queue | Skirmisher |
| 14:52 | Queue | Skirmisher |
| 14:58 | Research | Double-Bit Axe |
| 14:59 | Research | Double-Bit Axe |
| 15:07 | Build | Lumber Camp |
| 15:20 | Queue | Skirmisher |
| 15:27 | Build | Palisade Wall |
| 15:29 | Queue | Villager (Male) |
| 15:44 | Build | Mining Camp |
| 15:48 | Queue | Skirmisher |
| 15:48 | Queue | Skirmisher |
| 15:57 | Queue | Villager (Male) |
| 16:09 | Research | Horse Collar |
| 16:09 | Research | Horse Collar |
| 16:13 | Build | Farm |
| 16:17 | Queue | Skirmisher |
| 16:27 | Build | Farm |
| 16:37 | Queue | Villager (Male) |
| 16:38 | Queue | Skirmisher |
| 16:40 | Build | Farm |
| 17:06 | Queue | Villager (Male) |
| 17:09 | Build | Blacksmith |
| 17:15 | Queue | Skirmisher |
| 17:16 | Queue | Skirmisher |
| 17:31 | Queue | Villager (Male) |
| 17:36 | Build | House |
| 17:39 | Build | House |
| 17:40 | Build | House |
| 17:55 | Research | Fletching |
| 17:58 | Build | House |
| 18:01 | Build | House |
| 18:19 | Queue | Villager (Male) |
| 18:19 | Queue | Villager (Male) |
| 18:25 | Queue | Archer |
| 18:26 | Queue | Archer |
| 18:27 | Queue | Skirmisher |
| 18:37 | Build | Farm |
| 18:39 | Build | Farm |
| 18:41 | Build | Farm |
| 18:42 | Build | Farm |
| 18:53 | Queue | Villager (Male) |
| 19:11 | Queue | Villager (Male) |
| 19:13 | Build | Farm |
| 19:14 | Build | Farm |
| 19:20 | Queue | Skirmisher |
| 19:42 | Queue | Villager (Male) |
| 19:46 | Build | Mining Camp |
| 19:59 | Research | Padded Archer Armor |
| 20:25 | Queue | Skirmisher |
| 20:37 | Queue | Villager (Male) |
| 20:48 | Queue | Villager (Male) |
| 21:15 | Queue | Villager (Male) |
| 21:15 | Queue | Villager (Male) |
| 21:31 | Queue | Skirmisher |
| 21:32 | Queue | Skirmisher |
| 21:32 | Queue | Skirmisher |
| 21:37 | Build | Archery Range |
| 21:39 | Build | Stable |
| 21:56 | Queue | Villager (Male) |
| 22:03 | Build | Mill |
| 22:04 | Build | Farm |
| 22:04 | Build | Farm |
| 22:05 | Build | Farm |
| 22:05 | Build | Farm |
| 22:05 | Build | Farm |
| 22:12 | Build | Watch Tower |
| 22:21 | Queue | Scout Cavalry |
| 22:22 | Queue | Scout Cavalry |
Match timeline
| 5:08 | poweredbygamespy · first_building Barracks |
| 5:35 | DS_Rene Lavand · first_building Barracks |
| 6:18 | poweredbygamespy · wall_segment Palisade Wall x1 |
| 6:19 | poweredbygamespy · wall_segment Palisade Wall x1 |
| 6:50 | poweredbygamespy · wall_segment Palisade Wall x5 |
| 7:53 | poweredbygamespy · wall_segment Palisade Wall x5 |
| 7:57 | poweredbygamespy · wall_segment Palisade Wall x9 |
| 8:19 | poweredbygamespy · wall_segment Palisade Wall x3 |
| 8:23 | poweredbygamespy · wall_segment Palisade Wall x15 |
| 8:55 | DS_Rene Lavand · age_up feudal |
| 8:58 | DS_Rene Lavand · first_building Archery Range |
| 9:32 | poweredbygamespy · wall_segment Palisade Wall x1 |
| 9:35 | poweredbygamespy · wall_segment Palisade Wall x1 |
| 9:53 | poweredbygamespy · wall_segment Palisade Wall x1 |
| 10:03 | DS_Rene Lavand · wall_segment Palisade Wall x1 |
| 10:07 | DS_Rene Lavand · wall_segment Palisade Wall x1 |
| 10:10 | DS_Rene Lavand · wall_segment Palisade Wall x1 |
| 10:12 | DS_Rene Lavand · wall_segment Palisade Wall x1 |
| 10:17 | DS_Rene Lavand · wall_segment Palisade Wall x1 |
| 10:20 | DS_Rene Lavand · wall_segment Palisade Wall x1 |
| 11:09 | DS_Rene Lavand · wall_segment Palisade Wall x1 |
| 11:09 | DS_Rene Lavand · wall_segment Palisade Wall x1 |
| 11:10 | DS_Rene Lavand · wall_segment Palisade Wall x1 |
| 11:10 | DS_Rene Lavand · wall_segment Palisade Wall x1 |
| 11:11 | DS_Rene Lavand · wall_segment Palisade Wall x1 |
| 11:11 | DS_Rene Lavand · wall_segment Palisade Wall x1 |
| 11:12 | DS_Rene Lavand · wall_segment Palisade Wall x1 |
| 11:34 | poweredbygamespy · age_up feudal |
| 11:36 | poweredbygamespy · first_building Archery Range |
| 11:49 | DS_Rene Lavand · wall_segment Palisade Wall x1 |
| 11:50 | DS_Rene Lavand · wall_segment Palisade Wall x1 |
| 11:51 | DS_Rene Lavand · wall_segment Palisade Wall x1 |
| 11:52 | DS_Rene Lavand · wall_segment Palisade Wall x1 |
| 11:52 | DS_Rene Lavand · wall_segment Palisade Wall x1 |
| 11:53 | DS_Rene Lavand · wall_segment Palisade Wall x1 |
| 12:33 | poweredbygamespy · wall_segment Palisade Wall x3 |
| 15:27 | poweredbygamespy · wall_segment Palisade Wall x1 |
| 20:47 | DS_Rene Lavand · wall_segment Palisade Wall x1 |
| 20:48 | DS_Rene Lavand · wall_segment Palisade Wall x1 |
| 20:49 | DS_Rene Lavand · wall_segment Palisade Wall x1 |
| 20:51 | DS_Rene Lavand · wall_segment Palisade Wall x1 |
| 20:55 | DS_Rene Lavand · wall_segment Palisade Wall x1 |
| 21:00 | DS_Rene Lavand · wall_segment Palisade Wall x1 |
| 21:39 | poweredbygamespy · first_building Stable |
| 22:08 | DS_Rene Lavand · first_building Stable |
| 22:48 | DS_Rene Lavand · first_market_sell 100 wood |
| 22:53 | DS_Rene Lavand · first_market_buy 100 food |
| 26:44 | DS_Rene Lavand · resign |
[ AI ANALYSIS · 1 CREDIT ]
What really happened in this match?
Wolo.gg analyzes every decision: build order, eco, micro, common mistakes by bracket. Personalized analysis on WhatsApp or Discord in 30 seconds.
Civ guide
Mongols
Perfil
Jugador #2146417